 Dungeon Crawl Stone Soup version 0.27-a0-103-g6cd7b45605 (webtiles) character file.

Game seed: 13946670403931465467

29 knot the Chopper (level 3, 26/43 HPs)
             Began as a Demonspawn Berserker on Jan 23, 2021.
             Was a Follower of Trog.
             Quit the game on level 2 of the Dungeon.
             The game lasted 00:01:01 (1879 turns).

knot the Chopper (Demonspawn Berserker)             Turns: 1879, Time: 00:01:02

Health: 26/43      AC:  4    Str: 17    XL:     3   Next: 1%
Magic:  1/3        EV: 12    Int:  9    God:    Trog [*.....]
Gold:   43         SH:  0    Dex: 12    Spells: 2/2 levels left

rFire    . . .     SeeInvis .   a - +0 hand axe
rCold    . . .     Faith    .   (no shield)
rNeg     . . .     Spirit   +   b - +0 animal skin
rPois    .         Reflect  .   (no helmet)
rElec    .         Harm     .   (no cloak)
rCorr    .         Rampage  .   (no gloves)
Will     .....                  (no boots)
Stlth    ..........             (no amulet)
HPRegen  0.14/turn              (no ring)
MPRegen  0.08/turn              (no ring)

@: berserking, very quick
A: slimy green scales 1, magic shield
a: Renounce Religion, Berserk


You were on level 2 of the Dungeon.
You worshipped Trog.
Trog was aware of your devotion.
You visited 1 branch of the dungeon, and saw 2 of its levels.

You collected 43 gold pieces.

Inventory:

Hand Weapons
 a - a +0 hand axe (weapon)
Missiles
 i - 6 boomerangs
 j - 71 stones
 k - 12 sling bullets
 m - 12 poisoned darts (quivered)
Armour
 b - a +0 animal skin (worn)
Jewellery
 n - a cursed amulet of inaccuracy {unknown}
Scrolls
 d - 2 scrolls of enchant weapon {unknown}
 e - a scroll of teleportation {unknown}
 f - 2 scrolls of remove curse {unknown}
 g - a scroll of fog {unknown}
 l - a scroll of immolation {unknown}
 o - a scroll of blinking {unknown}
 s - a scroll of magic mapping {unknown}
Potions
 c - a potion of heal wounds {unknown}
 h - 2 potions of lignification {unknown}
 p - a potion of magic {unknown}
 q - 2 potions of brilliance {unknown}
 r - a potion of flight {unknown}


   Skills:
 - Level 3.0 Fighting
 * Level 3.6 Axes
 * Level 0.9 Throwing
 - Level 1.7 Armour
 - Level 1.7 Dodging


You had 2 spell levels left.
You didn't know any spells.
Your spell library was empty.

Dungeon Overview and Level Annotations

Branches:
Dungeon (2/15)

Altars:

Annotations:
D:2 1 runed translucent door, Crazy Yiuf


Innate Abilities, Weirdness & Mutations

You are partially covered in slimy green scales. (AC +2)
When hurt, damage is shared between your health and your magic reserves.


Message History

Trog accepts your kill. The bat barely misses you.
You hit the bat.
You kill the bat!
Trog accepts your kill. The giant cockroach bites you.
Things that are here:
a poisoned dart; a bat corpse; a bat corpse You completely miss the giant cockroach.
The giant cockroach closely misses you.
The kobold shouts!
You hit the giant cockroach.
You kill the giant cockroach!
Trog accepts your kill.
You have reached level 3!
Your experience leads to an increase in your attributes!
Increase (S)trength, (I)ntelligence, or (D)exterity?
You feel clever.
Your demonic ancestry asserts itself...
Slimy green scales grow over part of your body.
Are you sure you want to abandon this character and quit the game? (Confirm with "yes".)

### ## . ..# ##. ..# #.#
#.. .... #.# #.. .....
#.## #.#
......##########..####.#
......†@...!............
......###########.###.##
###.. #.# #.# K.. #.#
#.# ### #.# #.# #.# #.#
. .########## #.# #.#
##. ..........# #.# #.#
#.. ..........# #.# #.#


You could see a kobold.

Vanquished Creatures
  A dart slug (D:1)
  2 leopard geckos (D:2)
  3 giant cockroaches (D:2)
  2 goblins (D:2)
  5 kobolds
  7 bats
  2 frilled lizards
  4 rats (D:1)
26 creatures vanquished.

Notes
Turn   | Place    | Note
-------+----------+-------------------------------------------
     0 | D:1      | knot the Demonspawn Berserker began the quest for the Orb.
     0 | D:1      | Reached XP level 1. HP: 18/18 MP: 1/1
   527 | D:1      | Gained mutation: When hurt, damage is shared between your
                  | health and your magic reserves. [demonic ancestry]
   527 | D:1      | Reached XP level 2. HP: 15/24 MP: 2/2
  1477 | D:2      | Found a faded altar of an unknown god.
  1827 | D:2      | Found a runed translucent door.
  1828 | D:2      | Noticed Crazy Yiuf
  1879 | D:2      | Gained mutation: You are partially covered in slimy green
                  | scales. (AC +2) [demonic ancestry]
  1879 | D:2      | Reached XP level 3. HP: 26/29 MP: 1/3
  1879 | D:2      | Quit the game

Illustrated notes

Levels and vault maps discovered:
D:1:      ebering_trefoil_3fold, layout_basic
D:2:      layout_loops_ring, chequers_ecumenical_altar_simple,
          grunt_ministairs_8, uniq_crazy_yiuf_cottage, uniq_sigmund

Skill      XL: |  1 |
---------------+----+-----
Axes           | 3 |  3.6
Fighting       | |  3.0
Throwing       | |  0.9
Armour         | |  1.7
Dodging        | |  1.7

Action                   || total
-------------------------++-------
Melee: Hand axe          ||    92
Throw: Dart              ||     5
Invok: Berserk           ||     1
Armor: Animal skin       ||    13
Dodge: Dodged            ||    77

Table legend: (Time is in decaauts)
 A = Elapsed time spent in this place.
 B = Non-inter-level travel time spent in this place.
 C = Inter-level travel time spent in this place.
 D = Time resting spent in this place.
 E = Time spent auto-exploring this place.
 F = Levels seen in this place.
 G = Mean time per level.
                   A        B        C        D        E       F      G
               +--------+--------+--------+--------+--------+-----+--------+
         Total |   1888 |   1850 |     38 |      0 |   1646 |   2 |  944.0 |
       Dungeon |   1888 |   1850 |     38 |      0 |   1646 |   2 |  944.0 |
               +--------+--------+--------+--------+--------+-----+--------+

Top non-repeatable levels by time:
     D:1: 1018 daAuts
     D:2: 870 daAuts
